 Dungeon Crawl Stone Soup version 0.29.1-12-g30fa7ad0bf (webtiles) character file.

Game seed: 5360948808518765343

43 Flaz the Chopper (level 3, -3/29 HPs)
             Began as a Ghoul Gladiator on Jan 18, 2023.
             Slain by a gnoll
             ... wielding a +0 whip
              (5 damage)
             ... on level 2 of the Dungeon.
             The game lasted 00:01:47 (1202 turns).

Flaz the Chopper (Ghoul Gladiator)                  Turns: 1202, Time: 00:01:47

Health: -3/29      AC:  6    Str: 17    XL:     3   Next: 58%
Magic:  2/2        EV: 11    Int:  5    God:
Gold:   79         SH:  0    Dex: 10    Spells: 2/2 levels left

rFire   . . .      SeeInvis .   a - +0 war axe
rCold   + . .      Faith    .   (no shield)
rNeg    + + +      Spirit   .   m - +0 ring mail
rPois   ∞          Reflect  .   c - +0 helmet
rElec   .          Harm     .   (no cloak)
rCorr   .          Rampage  .   (no gloves)
Will    .....                   (no boots)
Stlth   ..........              (no amulet)
HPRegen 0.00/turn               (no ring)
MPRegen 0.08/turn               (no ring)

@: inhibited regen
A: claws 1, cold resistance 1, negative energy resistance 3, inhibited
regeneration, torment resistance 2, devour on kill
a: no special abilities


You were on level 2 of the Dungeon.
You visited 1 branch of the dungeon, and saw 2 of its levels.

You collected 79 gold pieces.

Inventory:

Hand Weapons
 a - a +0 war axe (weapon)
 h - a +0 spear
 j - a +2 dagger of protection
Missiles
 d - 4 throwing nets (quivered)
 e - 3 javelins
Armour
 c - a +0 helmet (worn)
 m - a +0 ring mail (worn)
Scrolls
 b - 2 scrolls of enchant armour {unknown}
 f - a scroll of vulnerability {unknown}
 i - a scroll of summoning {unknown}
 l - a scroll of magic mapping {unknown}
 n - a scroll of identify {unknown}
Potions
 g - a potion of invisibility {unknown}
 k - a potion of resistance {unknown}
 o - a potion of magic


   Skills:
 - Level 2.1 Fighting
 + Level 4.1 Axes
 - Level 1.7 Throwing
 - Level 2.6 Dodging


You had 2 spell levels left.
You didn't know any spells.
Your spell library was empty.

Dungeon Overview and Level Annotations

Branches:
Dungeon (2/15)

Altars:

Shops:
D:1 *


Innate Abilities, Weirdness & Mutations

You are immune to poison.
You have sharp fingernails.
Your flesh is cold resistant. (rC+)
You are immune to negative energy. (rN+++)
You do not regenerate when monsters are visible.
You are immune to unholy pain and torment.
You thrive by killing the living.


Message History

A gnoll is nearby!
A gnoll comes into view. It is wielding a +0 spear.
The gnoll shouts!
You hear a shout!
A gnoll comes into view. It is wielding a +0 whip.
A gnoll comes into view. It is wielding a +0 whip.
Found 9 stones.
You hit the gnoll.
The gnoll is heavily wounded.
The gnoll hits you with a +0 club. The gnoll barely misses you.
You hit the gnoll.
The gnoll is heavily wounded.
You hit the gnoll.
The gnoll is heavily wounded.
You hit the gnoll.
The gnoll is almost dead.
The gnoll hits you but does no damage. The gnoll misses you.
The gnoll hits you with a +0 whip. The gnoll barely misses you.
You closely miss the gnoll.
The gnoll is almost dead.
You hit the gnoll but do no damage. You closely miss the gnoll.
The gnoll barely misses you. The gnoll hits you with a +0 whip.
The gnoll hits you with a +0 club. The gnoll closely misses you.
Unknown command.
You closely miss the gnoll. You hit the gnoll.
You kill the gnoll!
You closely miss the gnoll. The gnoll hits you but does no damage.
The gnoll closely misses you.
Your Axes skill increases to level 4!
Unknown command.
You hit the gnoll but do no damage.
The gnoll is heavily wounded.
You hit the gnoll. The gnoll barely misses you.
The gnoll hits you from afar with a +0 spear. x2
The gnoll hits you with a +0 club. The gnoll hits you but does no damage.
Unknown command.
It was a potion of magic.
Magic courses through your body.
The gnoll hits you from afar with a +0 spear!
* * * LOW HITPOINT WARNING * * *
The gnoll hits you but does no damage. The gnoll hits you with a +0 whip.
You die...

.................#.#...#
#####.#######........#
..................†......
#############....#.#.....
.... ................##.
#### [..........#.##.#
...........####.#
########...#...
#..@#.#####. #..gg)......
##### #.#.#g###### ...<#
#....... ##### ###.......
#........# #.....(..+
###.##...# .# #+##


You could see 3 gnolls.

Vanquished Creatures
  A gnoll (D:2)
  An adder (D:2)
  A dart slug (D:1)
  2 goblins (D:1)
  A hobgoblin (D:1)
  5 kobolds (D:1)
  2 quokkas
  4 ball pythons
  5 bats (D:1)
  A frilled lizard (D:1)
  2 rats (D:1)
25 creatures vanquished.

Vanquished Creatures (others)
  4 toadstools (D:1)
4 creatures vanquished.

Grand Total: 29 creatures vanquished

Notes
Turn   | Place    | Note
-------+----------+-------------------------------------------
     0 | D:1      | Flaz the Ghoul Gladiator began the quest for the Orb.
     0 | D:1      | Reached XP level 1. HP: 17/17 MP: 0/0
   112 | D:1      | Reached skill level 3 in Axes
   209 | D:1      | Reached XP level 2. HP: 24/24 MP: 1/1
   321 | D:1      | Found Topny's Assorted Antiques.
  1180 | D:2      | Reached XP level 3. HP: 29/29 MP: 2/2
  1200 | D:2      | Reached skill level 4 in Axes
  1202 | D:2      | Slain by a gnoll

Illustrated notes

Levels and vault maps discovered:
D:1:      ldierk_walled_garden_2, layout_basic, serial_shops,
          nicolae_shop_statue_plus, minmay_distorted
D:2:      layout_basic, minmay_misc_feat_pillars

Skill      XL: |  1  2  3 |
---------------+----------+-----
Axes           | 3 4 |  4.1
Fighting       | |  2.1
Throwing       | |  1.7
Dodging        | |  2.6

Action                   || total
-------------------------++-------
Melee: War axe           ||    86
       Punch             ||     1
  Use: Potion            ||     1
Armor: Leather armour    ||    22
       Ring mail         ||     5
Dodge: Dodged            ||    62
